 Dungeon Crawl Stone Soup version 0.29.0-11-gd7f09526c8 (webtiles) character file.

Game seed: 6866885696564467502

1572 Revguard the Cudgeller (level 8, 0/79 HPs)
             Began as a Troll Berserker on Sept 5, 2022.
             Was a Believer of Trog.
             Slain by an unseen horror (5 damage)
             ... on level 7 of the Dungeon.
             The game lasted 00:13:22 (4573 turns).

Revguard the Cudgeller (Troll Berserker)            Turns: 4573, Time: 00:13:22

Health: 0/79       AC:  4    Str: 26    XL:     8   Next: 59%
Magic:  7/7        EV: 10    Int:  3    God:    Trog [**....]
Gold:   328        SH:  0    Dex:  9    Spells: 7/7 levels left

rFire   + + .      SeeInvis .   l - +4 mace (vorpal)
rCold   . . .      Faith    .   (no shield)
rNeg    . . .      Spirit   .   b - +0 animal skin
rPois   .          Reflect  .   (helmet restricted)
rElec   .          Harm     .   (no cloak)
rCorr   .          Rampage  .   (gloves unavailable)
Will    ++...                   (boots unavailable)
Stlth   +.........              (no amulet)
HPRegen 2.03/turn               e - ring of protection from fire
MPRegen 0.10/turn               f - ring of protection from fire

@: about to teleport, strong-willed (expiring), on berserk cooldown,
regenerating (expiring), slowed, very slow
A: large, unfitting armour, claws 3, regeneration 1, shaggy fur 1, tough skin 1,
clumsy 1
a: Renounce Religion, Berserk, Trog's Hand


You were on level 7 of the Dungeon.
You worshipped Trog.
Trog was pleased with you.
You visited 1 branch of the dungeon, and saw 7 of its levels.

You collected 328 gold pieces.

Inventory:

Hand Weapons
 i - a +0 giant spiked club
 l - a +4 vorpal mace (weapon)
Armour
 b - a +0 animal skin (worn)
 m - a +2 cloak
Jewellery
 e - a ring of protection from fire (left claw)
 f - a ring of protection from fire (right claw)
 n - a ring of protection from fire
 r - a +6 ring of strength
Wands
 g - a wand of polymorph (14)
Scrolls
 a - a scroll of butterflies
 c - 5 scrolls of teleportation
Potions
 d - 3 potions of curing
 h - 4 potions of might
 j - 2 potions of resistance
 k - a potion of lignification


   Skills:
 + Level 4.8 Fighting
 + Level 5.3 Maces & Flails
 + Level 3.9 Armour
 + Level 4.8 Dodging
 * Level 2.9 Evocations


You had 7 spell levels left.
You didn't know any spells.
Your spell library was empty.

Dungeon Overview and Level Annotations

Branches:
Dungeon (7/15)             Temple (0/1) D:5

Altars:
Ashenzari
Nemelex Xobeh
Okawaru
Uskayaw
Vehumet
Xom

Portals:
Bailey: D:7


Innate Abilities, Weirdness & Mutations

You are too large for most types of armour.
You have claws for hands.
Your natural rate of healing is unusually fast.
You are covered in fur. (AC +1)
You have tough skin. (AC +1)
You are clumsy. (Dex -2)


Message History

You kill the goblin!
Trog accepts your kill. Something hits you but does no damage.
The goblin hits you but does no damage. Something hits you!
* * * LOW HITPOINT WARNING * * *
The goblin completely misses you.
You feel better. Something hits you but does no damage.
The goblin barely misses you. The goblin hits you but does no damage.
Your skin crawls.
You feel strong-willed. Something hits you.
* * * LOW HITPOINT WARNING * * *
The goblin hits you.
* * * LOW HITPOINT WARNING * * *
Something hits you.
* * * LOW HITPOINT WARNING * * *
You thump the goblin!
You kill the goblin!
Trog accepts your kill. Something hits you.
* * * LOW HITPOINT WARNING * * *
Something hits you but does no damage.
You sock something!
You feel the effects of Trog's Hand fading.
Something hits you!
* * * LOW HITPOINT WARNING * * *
Something hits you but does no damage.
Okay, then.
You miss something. Something hits you!
* * * LOW HITPOINT WARNING * * *
Something hits you but does no damage. Something hits you but does no damage.
Something hits you!
* * * LOW HITPOINT WARNING * * *
You see here a wand of quicksilver (3).
Okay, then.
As you read the scroll of teleportation, it crumbles to dust.
You feel strangely unstable.
You hear the faint creaking of a portcullis.
Something hits you.
You die...

... ............ . ......
##.≈≈≈≈≈.... .
..........##..≈.>.≈..# ..
..........##..≈.∩.~.##..#
...# #....##..≈...≈......
..## #........≈≈≈≈≈..###.
...###..........(((......
...#.........#..?#..#....
.#...........#..@(.......
.##......?.........##....
.#.................# ...
.#†.................. ..
..>........##......... .
.............##.........
......#.##...#...#.....#
##..######...##.##......
#....# #.....#


There were no monsters in sight!

Vanquished Creatures
  4 yaks (D:5)
  A black bear (D:5)
  2 sky beasts
  An ogre (D:5)
  A phantom (D:7)
  Blork the orc (D:6)
  A bullfrog (D:6)
  2 scorpions (D:6)
  A hound (D:5)
  A jelly (D:5)
  3 iguanas
  7 adders
  A river rat (D:6)
  A shadow imp (D:6)
  An ufetubus (D:5)
  3 dart slugs
  7 orcs
  6 ball pythons
  4 endoplasms
  5 giant cockroaches
  11 goblins
  3 hobgoblins
  7 kobolds
  3 quokkas (D:2)
  4 bats
  3 frilled lizards
  5 rats
89 creatures vanquished.

Notes
Turn   | Place    | Note
-------+----------+-------------------------------------------
     0 | D:1      | Revguard the Troll Berserker began the quest for the Orb.
     0 | D:1      | Reached XP level 1. HP: 22/22 MP: 0/0
   181 | D:1      | Found a faded altar of an unknown god.
   800 | D:2      | Reached XP level 2. HP: 21/29 MP: 1/1
   832 | D:2      | Reached skill level 3 in Maces & Flails
   923 | D:2      | Reached XP level 3. HP: 36/36 MP: 2/2
   957 | D:2      | Reached skill level 1 in Armour
   959 | D:2      | Found an iron altar of Okawaru.
  1248 | D:2      | Identified the +1 whip "Cagoq Jairor" {flame, Contam rN++
                  | SInv Stlth-}
  1400 | D:2      | Gained mutation: You are clumsy. (Dex -2) [mutagenic glow]
  1416 | D:3      | Reached ** piety under Trog
  1593 | D:3      | Found a sparkling altar of Nemelex Xobeh.
  1930 | D:3      | Reached XP level 4. HP: 44/44 MP: 3/3
  1946 | D:3      | Found a shimmering altar of Xom.
  2189 | D:4      | Found a radiant altar of Vehumet.
  2352 | D:4      | Noticed a +0 spear
  2353 | D:4      | Noticed a +0 short sword
  2353 | D:4      | Noticed a +0 falchion
  2354 | D:4      | Noticed a +0 short sword
  2354 | D:4      | Noticed a +0 spear
  2354 | D:4      | Noticed a +0 dagger
  2354 | D:4      | Noticed a +0 dagger
  2355 | D:4      | Noticed a +0 falchion
  2357 | D:4      | Found a hide-covered altar of Uskayaw.
  2797 | D:5      | Entered Level 5 of the Dungeon
  2803 | D:5      | Noticed a yak
  2803 | D:5      | Noticed a yak
  2805 | D:5      | Noticed a yak
  2805 | D:5      | Noticed a yak
  2832 | D:5      | Killed a yak
  2833 | D:5      | Reached XP level 5. HP: 53/53 MP: 4/4
  2836 | D:5      | Killed a yak
  2837 | D:5      | Reached skill level 4 in Maces & Flails
  2837 | D:5      | Reached XP level 6. HP: 62/62 MP: 5/5
  2841 | D:5      | Killed a yak
  2842 | D:5      | Reached XP level 7. HP: 55/68 MP: 6/6
  2850 | D:5      | Killed a yak
  3004 | D:5      | Reached skill level 1 in Evocations
  3314 | D:5      | Found a staircase to the Ecumenical Temple.
  3462 | D:6      | Reached XP level 8. HP: 43/79 MP: 7/7
  3596 | D:6      | Noticed Blork the orc
  3605 | D:6      | Killed Blork the orc
  3606 | D:6      | Reached skill level 5 in Maces & Flails
  3657 | D:6      | Found a broken altar of Ashenzari.
  4549 | D:7      | Found a flagged portal.
  4572 | D:7      | HP: 2/79 [something (7)]
  4573 | D:7      | Slain by an unseen horror

Illustrated notes

Levels and vault maps discovered:
D:1:      minmay_arrival_stair_chambers, layout_loops_corners,
          hellmonk_ecumenical_altar_leap_of_faith
D:2:      layout_basic, basic_altar, minmay_pentomino_x4
D:3:      layout_rooms, mainiacjoe_overflow_paths, tgw_xom, grunt_decor_cap,
          kennysheep_generic_room_10
D:4:      layout_basic, vehumet_crystals, nicolae_uskayaw_en_pointe
D:5:      layout_cave_pools, temple_green, minmay_tree_intersection,
          grunt_decor_mini_mirrors
D:6:      layout_loops_corners, lemuel_tele_altar, portal_sewer_entry_e,
          uniq_blork_the_orc
D:7:      layout_cave_pools, enter_bailey_5, grunt_decor_one_mirror

Skill      XL: |  1  2  3  4  5  6  7  8 |
---------------+-------------------------+-----
Maces & Flails | 3 4 5 |  5.3
Armour         | 1 2 3 |  3.9
Fighting       | 3 4 |  4.8
Dodging        | 3 4 |  4.8
Evocations     | 1 2 |  2.9

Action                   |  1- 3 |  4- 6 |  7- 9 || total
-------------------------+-------+-------+-------++-------
Melee: Mace              |   102 |    39 |   133 ||   274
       Whip              |    20 |       |       ||    20
       Punch             |     1 |     1 |     3 ||     5
Invok: Trog's Hand       |     1 |     1 |     4 ||     6
       Berserk           |     1 |     1 |     2 ||     4
  Use: Scroll            |     7 |     2 |     5 ||    14
       Potion            |     3 |     1 |     4 ||     8
Armor: Animal skin       |    52 |     8 |    65 ||   125
Dodge: Dodged            |    73 |    22 |    95 ||   190
